 Dungeon Crawl Stone Soup version 0.31.0-11-ge490571c62 (webtiles) character file.

Game seed: 3788317111358274140

639 Gadfly the Insei (level 7, -1/52 HPs)
             Began as a Demonspawn Monk on Feb 5, 2024.
             Killed by nerve-wracking pain
             ... invoked by Grinder
              (11 damage)
             ... on level 4 of the Dungeon.
             The game lasted 00:06:57 (3345 turns).

Gadfly the Insei (Demonspawn Monk)                  Turns: 3345, Time: 00:06:57

Health: -1/52      AC: 15    Str: 13    XL:     7   Next: 26%
Magic:  7/7        EV: 13    Int: 10    God:
Gold:   187        SH:  8    Dex: 14    Spells: 6/6 levels left

rFire   . . .        k - +2 dagger (protect)
rCold   . . .        c - orb {light}
rNeg    . . .        a - +1 robe
rPois   .            t - +0 helmet
rElec   .            q - +0 cloak
rCorr   .            (no gloves)
SInv    .            n - +0 pair of boots
Will    .....        (no amulet)
Stlth   +            (no ring)
HPRegen 0.28/turn    (no ring)
MPRegen 0.10/turn

%: no passive effects
@: under a protective aura, glowing
A: claws 2, yellow scales 1, condensation shield, large bone plates 1, clumsy 1
a: no special abilities


You were on level 4 of the Dungeon.
You visited 1 branch of the dungeon, and saw 4 of its levels.

You collected 187 gold pieces.

Inventory:

Hand Weapons
 b - a +0 whip of venom
 k - a +2 dagger of protection (weapon)
 r - a +0 short sword of freezing
Armour
 a - a +1 robe (worn)
 c - an orb of light (worn)
 n - a +0 pair of boots (worn)
 q - a +0 cloak (worn)
 t - a +0 helmet (worn)
Talismans
 g - a flux talisman
 l - a serpent talisman
Scrolls
 i - a scroll of silence {unknown}
 j - 2 scrolls of teleportation
 o - 2 scrolls of identify
 s - a scroll of enchant weapon
Potions
 d - 3 potions of resistance
 f - 2 potions of mutation
 h - a potion of cancellation
 m - a potion of enlightenment


   Skills:
 + Level 3.2 Fighting
 + Level 3.8 Dodging
 * Level 4.7 Unarmed Combat
 + Level 3.8 Evocations
 * Level 3.1 Shapeshifting


You had 6 spell levels left.
You didn't know any spells.
Your spell library contained the following spells:

 Spells                   Type           Power      Damage    Failure   Level
 Call Canine Familiar     Summ           0%         N/A       75%         3
 Sigil of Binding         Hex            0%         N/A       75%         3
 Dimensional Bullseye     Hex/Tloc       0%         N/A       98%         4


Dungeon Overview and Level Annotations

Branches:
Dungeon (4/15)
 Temple: D:4-7

Altars:
Xom

Shops:
D:4 [[[*

Annotations:
D:4 Grinder


Innate Abilities, Weirdness & Mutations

You have very sharp fingernails.
You are partially covered in yellow scales. (AC +2)
A meltable shield of frost defends you. (SH +4)
You are partially covered in large bone plates. (SH +4)
You are clumsy. (Dex -2)


Message History

You barely miss Grinder.
Grinder is severely wounded.
Grinder hits you.
* * * LOW HITPOINT WARNING * * *
You writhe in agony.
* * * LOW HITPOINT WARNING * * *
You hit Grinder but do no damage.
Your weapon exudes an aura of protection.
Grinder is severely wounded.
Grinder blinks!
Unknown command.
Grinder says, "DUCK!"
You hit Grinder.
Grinder is severely wounded.
Grinder hits you but does no damage.
You barely miss Grinder.
Grinder is severely wounded.
Grinder hits you but does no damage.
You hit Grinder but do no damage.
Grinder is severely wounded.
Grinder hits you.
* * * LOW HITPOINT WARNING * * *
You writhe in agony.
* * * LOW HITPOINT WARNING * * *
You barely miss Grinder.
Grinder is severely wounded.
Grinder hits you but does no damage.
A giant cockroach comes into view.
You hit Grinder but do no damage.
Grinder is severely wounded.
Grinder closely misses you.
You hit Grinder but do no damage.
Grinder is severely wounded.
Grinder misses you.
Okay, then.
You feel better. Grinder gestures at you. Pain shoots through your body!
You die...
Grinder sighs, "Dead already?
I want a refund."

....## #.
#....# ..
####..# . .##
..###.# #. ..
⌠...'.#
#.######.###
∩⌠.####
#...$.....##
⌠..#
#...<.....>#
..##
#...$.5....#
#.#
#....@..B..#.
#'#
#............
..#
#.##......###
###
#.##..#####
#.....####
#....∩...#
#####....#
###..###
##.#).###


You could see Grinder and a giant cockroach.

Vanquished Creatures
  Sigmund (D:2)
  Duvessa (D:4)
  An ogre (D:4)
  A bullfrog (D:4)
  Dowan (D:4)
  A bombardier beetle (D:4)
  Robin (D:4)
  4 gnolls (D:4)
  2 adders
  2 dart slugs (D:1)
  4 orcs
  A ball python (D:1)
  3 bats
  9 endoplasms
  A giant cockroach (D:2)
  18 goblins
  3 hobgoblins
  4 jackals (D:1)
  4 quokkas
  A frilled lizard (D:2)
  5 kobolds
  2 rats (D:1)
70 creatures vanquished.

Notes
Turn   | Place    | Note
-------+----------+-------------------------------------------
     0 | D:1      | Gadfly the Demonspawn Monk began the quest for the Orb.
     0 | D:1      | Reached XP level 1. HP: 18/18 MP: 1/1
    57 | D:1      | Gained mutation: You have sharp fingernails. [demonic
                  | ancestry]
    57 | D:1      | Reached XP level 2. HP: 18/24 MP: 2/2
   382 | D:1      | Reached skill level 1 in Evocations
   506 | D:1      | Reached skill level 3 in Unarmed Combat
   745 | D:2      | Found a faded altar of an unknown god.
   841 | D:2      | Noticed Sigmund
   858 | D:2      | Killed Sigmund
   859 | D:2      | Reached XP level 3. HP: 9/29 MP: 3/3
   859 | D:2      | Reached XP level 4. HP: 11/35 MP: 4/4
   859 | D:2      | Gained mutation: A meltable shield of frost defends you.
                  | (SH +4) [demonic ancestry]
   859 | D:2      | Reached XP level 5. HP: 12/41 MP: 5/5
  1487 | D:2      | Gained mutation: You are partially covered in large bone
                  | plates. (SH +4) [potion of mutation]
  1487 | D:2      | Gained mutation: You are clumsy. (Dex -2) [potion of
                  | mutation]
  2287 | D:4      | Noticed Duvessa
  2287 | D:4      | Noticed Dowan
  2409 | D:4      | Killed Duvessa
  2410 | D:4      | Reached skill level 4 in Unarmed Combat
  2410 | D:4      | Gained mutation: You are partially covered in yellow
                  | scales. (AC +2) [demonic ancestry]
  2410 | D:4      | Reached XP level 6. HP: 16/47 MP: 6/6
  2585 | D:4      | Killed Dowan
  2695 | D:4      | Found Hioklun's Antique Armour Emporium.
  2740 | D:4      | Found Pamed's Antique Armour Shop.
  2896 | D:4      | Gained mutation: You have very sharp fingernails. [demonic
                  | ancestry]
  2896 | D:4      | Reached XP level 7. HP: 26/52 MP: 7/7
  3020 | D:4      | Noticed Robin
  3030 | D:4      | Killed Robin
  3103 | D:4      | Found Sasuvvizu's Armour Shop.
  3189 | D:4      | Found a shimmering altar of Xom.
  3248 | D:4      | Found Budy's General Store.
  3248 | D:4      | Noticed Grinder
  3297 | D:4      | Paralysed by Grinder for 5 turns
  3320 | D:4      | Paralysed by Grinder for 3 turns
  3330 | D:4      | Paralysed by Grinder for 5 turns
  3345 | D:4      | Killed from afar by Grinder

Illustrated notes

Levels and vault maps discovered:
D:1:      evilmike_arrival_plus, layout_basic
D:2:      layout_rooms, nicolae_ecumenical_oubliette, uniq_sigmund
D:3:      layout_basic
D:4:      layout_cave_pods, mainiacjoe_overflow_catwalk,
          nicolae_ru_sacrificial_ziggurat, serial_shops,
          nicolae_shop_overgrown_old_shop, nicolae_square_shop, shop,
          nicolae_shop_rolling_square, uniq_grinder, uniq_robin, uniq_duvessa

Skill      XL: |  1  2  3  4  5  6 |
---------------+-------------------+-----
Evocations     | 2 3 |  3.8
Unarmed Combat | 3 4 |  4.7
Dodging        | 3 |  3.8
Shapeshifting  | 2 3 |  3.1
Fighting       | |  3.2

Action                     |  1- 3 |  4- 6 |  7- 9 || total
---------------------------+-------+-------+-------++-------
  Melee: Unarmed           |    64 |    26 |       ||    90
         Whip              |       |    74 |    72 ||   146
         Dagger            |       |       |    30 ||    30
    Use: Potion            |     4 |     5 |     2 ||    11
         Scroll            |     4 |     4 |     1 ||     9
 Armour: Robe              |    34 |    58 |    55 ||   147
         Skin              |       |     8 |       ||     8
  Dodge: Dodged            |    52 |    74 |    45 ||   171
